 Dungeon Crawl Stone Soup version 0.22-a0-558-gc224181 (webtiles) character file.

12294 iamserjio the Covert (level 11, -4/78 HPs)
             Began as an Octopode Wanderer on June 27, 2018.
             Was a High Priest of Okawaru.
             Slain by a two-headed ogre
             ... wielding a +0 giant club
              (23 damage)
             ... on level 11 of the Dungeon.
             The game lasted 00:43:11 (16699 turns).

iamserjio the Covert (Octopode Wanderer)           Turns: 16699, Time: 00:43:11

Health: -4/78      AC:  1    Str: 12    XL:     11   Next: 91%
Magic:  0/16       EV: 22    Int: 16    God:    Okawaru [*****.]
Gold:   560        SH:  0    Dex: 13    Spells: 10/17 levels left

rFire    . . .     SeeInvis .   s - +2 long sword (elec)
rCold    + . .     Gourm    .   (no shield)
rNeg     . . .     Faith    .   (helmet restricted)
rPois    +         Spirit   +   i - amulet of guardian spirit
rElec    .         Reflect  .   e - ring of poison resistance
rCorr    .         Harm     .   u - ring of protection from cold
MR       .....                  I - ring of wizardry
Stlth    +++++++...             (no ring)
HPRegen  0.23/turn              (no ring)
MPRegen  0.15/turn              (no ring)
                                (no ring)
                                (no ring)

@: heroism
A: almost no armour, stealthy swim, amphibious, 8 rings, constrict 8, camouflage
1, gelatinous body 1
a: Heroism, Finesse, Renounce Religion


You were on level 11 of the Dungeon.
You worshipped Okawaru.
Okawaru was extremely pleased with you.
You were not hungry.

You visited 2 branches of the dungeon, and saw 12 of its levels.
You also visited: Ossuary.

You collected 560 gold pieces.

Inventory:

Hand Weapons
 b - a +0 blowgun
 h - a cursed +2 scimitar
 m - a +1 dagger of draining
 s - a +2 long sword of electrocution (weapon)
 B - a +0 quick blade
 E - a +0 dagger of venom
 K - a +0 long sword of holy wrath
 L - a +5 long sword of freezing
 N - a +4 scimitar of flaming
Missiles
 j - 20 tomahawks (quivered)
 q - 20 poisoned needles
 C - 9 needles of sleeping {!f}
Armour
 H - a +0 shield
Jewellery
 e - a ring of poison resistance (left tentacle)
 i - an amulet of guardian spirit (around mantle)
 t - an uncursed amulet of faith
 u - a ring of protection from cold (right tentacle)
 I - a ring of wizardry (on tentacle)
Wands
 y - a wand of random effects (10)
 A - a wand of flame (70)
 G - a wand of iceblast (10)
Scrolls
 d - 2 scrolls of immolation {unknown}
 f - 5 scrolls of remove curse {@r2}
 g - 2 scrolls of amnesia {unknown}
 l - 3 scrolls of enchant armour {unknown}
 x - 2 scrolls of random uselessness {unknown}
 z - a scroll of blinking {unknown}
 P - 2 scrolls of fear {unknown}
Potions
 a - 7 potions of degeneration
 c - 3 potions of curing {@q1}
 k - a potion of heal wounds {unknown}
 o - a potion of berserk rage
 p - 5 potions of lignification
 v - a potion of ambrosia {unknown}
 w - 4 potions of mutation
 D - 4 potions of brilliance {unknown}
 F - 2 potions of flight {unknown}
 M - 2 potions of magic {unknown}
Comestibles
 n - 6 chunks of flesh
 r - 19 rations


   Skills:
 + Level 8.7(13.7) Fighting
 - Level 6.0(11.9) Short Blades
 * Level 5.0(11.3) Long Blades
 - Level 1.0(6.0) Throwing
 + Level 9.7(14.7) Dodging
 + Level 11.3(16.3) Stealth
 + Level 3.2(8.2) Shields
 - Level 1.0(6.0) Unarmed Combat
 + Level 3.8 Spellcasting
   Level 2.0 Conjurations
 - Level 2.0 Charms
 - Level 2.0 Necromancy
 + Level 4.6 Invocations
 - Level 1.1 Evocations


You had 10 spell levels left.
You knew the following spells:

 Your Spells              Type           Power        Failure   Level  Hunger
a - Animate Skeleton      Necr           N/A          3%          1    None
b - Regeneration          Chrm/Necr      #.........   9%          3    ###....
c - Vampiric Draining     Necr           #.........   9%          3    ###....

Your spell library contained the following spells:

 Spells                   Type           Power        Failure   Level  Hunger
 Animate Dead             Necr           N/A          28%         4    ####...
 Pain                     Necr           #...         3%          1    None
 Sting                    Conj/Pois      #...         4%          1    None
 Ignite Poison            Fire/Tmut/Pois #.......     21%         3    ###....


Dungeon Overview and Level Annotations

Branches:
Dungeon (11/15)            Temple (1/1) D:5            Lair (0/6) D:9
    Orc: D:9-12

Altars:
Ashenzari
Cheibriados
Dithmenos
Elyvilon
Fedhas
Gozag
Hepliaklqana
Kikubaaqudgha
Makhleb
Nemelex Xobeh
Okawaru
Qazlal
Ru
Sif Muna
Trog
Uskayaw
Vehumet
Wu Jian
Xom
Yredelemnul
Zin
The Shining One

Shops:
D:9 [

Portals:
Ice
Cave: D:11

Annotations:
D:4 1 runed door, pk666's ghost, amateur DEWz
D:6 exclusion: oklob plant
D:10 exclusion: killer bee


Innate Abilities, Weirdness & Mutations

You cannot wear most types of armour.
You are very stealthy in the water. (Stealth+)
You are amphibious.
You can wear up to eight rings at the same time.
You can use your tentacles to constrict eight enemies at once.
Your skin changes colour to match your surroundings (Stealth+).
Your rubbery body absorbs attacks. (AC +1, EV +1)


Message History

Something shouts, "Crawl home, thou baffled weather-bitten minnow reeky!"
The two-headed ogre misses you.
You riposte.
You barely miss the two-headed ogre.
The two-headed ogre is heavily wounded.
The two-headed ogre misses you.
Your orc skeleton closely misses the two-headed ogre.
You hear an angry buzzing noise.
You barely miss the two-headed ogre. You squeeze the two-headed ogre!
The two-headed ogre is severely wounded.
You hit the two-headed ogre but do no damage.
You squeeze the two-headed ogre.
The two-headed ogre is almost dead.
The two-headed ogre closely misses you. The two-headed ogre barely misses you.
Your orc skeleton barely misses the two-headed ogre.
You hit the two-headed ogre.
The two-headed ogre is almost dead.
The two-headed ogre hits you with a giant club!!
* * * LOW HITPOINT WARNING * * *
The two-headed ogre hits you with a giant club!!
You die...

,,,,,,+,,∩.........####,,,,,,,,,,
,,,,,,*,,..5.5.....#..,,,,,,,,,,,
,,,,,,*,,...55.......**,,,,,,,,,,
,,,,,,*,,.5555.....#***,,,,,,,,,,
,,,,,,*****#5....5.# *,,,,,,,,,,
***+*** #...Z)5.# *,,,,,,,,,, *,*
#.....55# *,,,,,,,,,, *,*
######O## *,,,,,,,,,, *,* #.@Z#
*********** *,* #####'###### *,*
#...[......# ***,** #..........#
.....# #..........# .....#
#..........# .....# #..........#
.....# #..........# .....#
#..........#


You could see a two-headed ogre, 4 white imps and a friendly orc skeleton.

Vanquished Creatures
  2 two-headed ogres
  Erica (D:9)
  A slime creature (D:8)
  Prince Ribbit (D:9)
  A hornet (D:7)
  A hippogriff (D:7)
  9 yaks
  A wyvern (D:9)
  2 hogs (D:7)
  A human (D:7)
  A basilisk (D:9)
  Eustachio (D:4)
  A soldier ant (D:11)
  3 porcupines (D:9)
  Duvessa (D:4)
  2 orc warriors
  A water moccasin (D:9)
  2 sky beasts
  2 black bears
  4 ice beasts
  4 phantoms
  A necrophage (D:9)
  3 ogres
  9 centaurs
  3 crocodiles (D:9)
  A big kobold (D:8)
  4 bullfrogs
  Dowan (D:4)
  5 scorpions
  4 killer bees
  3 howler monkeys
  11 wights
  4 crimson imps
  A bullfrog zombie (D:5)
  2 quasits
  8 jellies
  5 hounds
  8 orc wizards
  3 bullfrog skeletons
  2 centaur skeletons
  A human zombie (Ossuary)
  9 orc priests
  6 iguanas
  6 worker ants
  3 big kobold zombies (Ossuary)
  3 hound zombies
  2 mummies (Ossuary)
  2 worker ant zombies
  11 gnolls
  A howler monkey skeleton (D:6)
  14 adders
  4 white imps (D:11)
  16 oozes (D:8)
  2 adder zombies
  An adder skeleton (D:5)
  3 worms
  4 dart slugs
  6 leopard geckos
  36 orcs
  3 ball pythons
  2 giant cockroaches
  10 hobgoblins
  9 jackals
  3 quokkas
  11 bats
  5 frilled lizards
  12 goblins
  3 goblin zombies
  8 hobgoblin zombies (Ossuary)
  A jackal skeleton (D:4)
  3 jackal zombies
  18 kobolds
  8 kobold zombies (Ossuary)
  A leopard gecko skeleton (D:6)
  11 orc zombies (Ossuary)
  4 quokka skeletons
  A quokka zombie (D:8)
  10 rats
  3 rat zombies (Ossuary)
  A plant (D:6)
377 creatures vanquished.

Vanquished Creatures (collateral kills)
  A yak (D:9)
  A porcupine (D:9)
  A gnoll sergeant (D:9)
  A quasit (D:7)
  Jessica (D:2)
  A worker ant (D:10)
  An adder (D:7)
  3 orcs
  A hobgoblin (D:3)
11 creatures vanquished.

Vanquished Creatures (others)
  2 yaks (D:9)
  An orc (D:3)
  7 fungi
  11 plants (D:9)
21 creatures vanquished.

Grand Total: 409 creatures vanquished

Notes
Turn   | Place    | Note
-------+----------+-------------------------------------------
     0 | D:1      | iamserjio the Octopode Wanderer began the quest for the Orb.
     0 | D:1      | iamserjio set off with: a potion of curing {@q1}, a +0 dagger, a ration
     0 | D:1      | Reached XP level 1. HP: 14/14 MP: 3/3
   295 | D:1      | Reached skill level 1 in Dodging
   316 | D:1      | Reached XP level 2. HP: 15/19 MP: 5/5
   642 | D:1      | Learned a level 1 spell: Animate Skeleton
   837 | D:1      | Reached XP level 3. HP: 20/25 MP: 6/6
  1224 | D:1      | Reached skill level 1 in Stealth
  1403 | D:2      | Reached XP level 4. HP: 25/30 MP: 5/7
  2793 | D:1      | Reached skill level 2 in Stealth
  2879 | D:2      | Reached XP level 5. HP: 15/36 MP: 8/8
  3060 | D:2      | Found a glowing golden altar of the Shining One.
  3205 | D:2      | Found a blossoming altar of Fedhas.
  3207 | D:2      | Found a stormy altar of Qazlal.
  3389 | D:2      | Noticed Jessica
  3394 | D:2      | Killed Jessica
  3983 | D:3      | Reached skill level 3 in Stealth
  4197 | D:3      | Reached XP level 6. HP: 29/42 MP: 9/9
  4565 | D:3      | Reached skill level 1 in Short Blades
  4663 | D:4      | Found a runed door.
  5067 | D:4      | Noticed Duvessa
  5067 | D:4      | Noticed Dowan
  5081 | D:4      | Killed Duvessa
  5088 | D:4      | Killed Dowan
  5088 | D:4      | Reached XP level 7. HP: 16/47 MP: 10/10
  5409 | D:4      | Reached skill level 4 in Stealth
  5431 | D:4      | Noticed Eustachio
  5448 | D:4      | Killed Eustachio
  5735 | D:4      | Reached skill level 5 in Dodging
  6105 | D:4      | Noticed pk666's ghost (amateur DEWz)
  6166 | D:5      | Entered Level 5 of the Dungeon
  6424 | D:5      | Reached XP level 8. HP: 53/54 MP: 11/11
  6518 | D:5      | Found a staircase to the Ecumenical Temple.
  6531 | Temple   | Entered the Ecumenical Temple
  6573 | Temple   | Became a worshipper of Warmaster Okawaru
  6728 | D:5      | Reached skill level 5 in Stealth
  7114 | D:5      | Found a sparkling altar of Nemelex Xobeh.
  7115 | D:5      | Found an opulent altar of Gozag.
  7508 | D:5      | Noticed a two-headed ogre
  7738 | D:5      | Killed a two-headed ogre
  7738 | D:5      | Reached * piety under Okawaru
  7738 | D:5      | Reached skill level 5 in Fighting
  7738 | D:5      | Reached skill level 5 in Short Blades
  7738 | D:5      | Reached skill level 6 in Stealth
  7738 | D:5      | Reached XP level 9. HP: 59/61 MP: 12/12
  8066 | D:6      | Found a shattered altar of Ashenzari.
  8066 | D:6      | Noticed an oklob plant
  8087 | D:6      | Reached ** piety under Okawaru
  8426 | D:6      | Reached skill level 1 in Invocations
  8499 | D:6      | Reached skill level 7 in Stealth
  9540 | D:7      | Noticed a hornet
  9545 | D:7      | Killed a hornet
  9545 | D:7      | Reached skill level 8 in Stealth
  9569 | D:7      | Reached *** piety under Okawaru
  9661 | D:7      | Reached XP level 10. HP: 69/69 MP: 13/13
  9965 | D:8      | Reached skill level 9 in Stealth
  9983 | D:8      | Found a sand-covered staircase.
  9993 | Ossuary  | Entered an ossuary
 10894 | D:7      | Reached **** piety under Okawaru
 11083 | D:7      | Reached skill level 10 in Stealth
 11958 | D:7      | Found a sacrificial altar of Ru.
 12040 | D:7      | Received a gift from Okawaru
 12121 | D:8      | Found a bloodstained altar of Trog.
 12121 | D:8      | Found a shattered altar of Ashenzari.
 12122 | D:8      | Found a snail-covered altar of Cheibriados.
 12162 | D:8      | Noticed a two-headed ogre
 12177 | D:8      | Killed a two-headed ogre
 12177 | D:8      | Reached skill level 1 in Long Blades
 12177 | D:8      | Reached skill level 1 in Shields
 12421 | D:7      | Learned a level 3 spell: Regeneration
 12425 | D:7      | Learned a level 3 spell: Vampiric Draining
 12437 | D:8      | Reached XP level 11. HP: 77/77 MP: 12/14
 13031 | D:8      | Found a burning altar of Makhleb.
 13033 | D:8      | Found an ornate altar of the Wu Jian Council.
 13089 | D:8      | Found a white marble altar of Elyvilon.
 13183 | D:8      | Found a basalt altar of Yredelemnul.
 13440 | D:9      | Reached skill level 1 in Charms
 13699 | D:9      | Noticed Prince Ribbit
 13705 | D:9      | Killed Prince Ribbit
 13742 | D:9      | Found a staircase to the Lair.
 13744 | D:9      | Noticed Erica
 13745 | D:9      | Found a bloodstained altar of Trog.
 13976 | D:9      | Killed Erica
 14318 | D:9      | Reached skill level 11 in Stealth
 14377 | D:9      | Found Qoumunor's Armour Emporium.
 14954 | D:9      | Reached ***** piety under Okawaru
 15404 | D:10     | Entered Level 10 of the Dungeon
 16666 | D:11     | Noticed a two-headed ogre
 16669 | D:11     | Found a frozen archway.
 16682 | D:11     | Reached skill level 5 in Long Blades
 16699 | D:11     | Slain by a two-headed ogre

Vault maps used:
D:1:      onia_arrival_pentagram, minmay_pentomino_s2
D:2:      grunt_temple_overflow_forces_of_nature, tso_oasis_becter, uniq_jessica
D:3:      first_ration, minivault_26
D:4:      gammafunk_ghost_grave, minmay_ruptured, uniq_eustachio, uniq_duvessa
D:5:      kennysheep_big_flooded_room, grunt_temple_overflow_opulence,
          minmay_temple_entry_trees
D:6:      lemuel_oklob_altar
D:7:      corexii_shack_village, nicolae_ru_path_of_blood, grunt_livestock,
          hangedman_abyss_or_decor_stagger
D:8:      lemuel_slime, kennysheep_ying_yang, nicolae_overflow_hidden_temple,
          enter_ossuary_4
D:9:      minmay_lair_entry_grove, serial_shops, nicolae_shop_statue_plus,
          trog_three_pillars_becter, uniq_prince_ribbit1, uniq_erica
D:11:     portal_ice_cave_entry_imps, uniq_josephine
Temple:   compressed_dpeg_triangle_lava_temple
Ossuary:  ossuary_tomb_1

Skill      XL: |  1  2  3  4  5  6  7  8  9 10 11 |
---------------+----------------------------------+-----
Dodging        | 1 2 3 4 5 6 7 9 |  9.7
Stealth        | 1 2 3 4 6 8 10 11 | 11.3
Necromancy     | 2 |  2.0
Fighting       | 3 4 5 6 7 8 |  8.7
Short Blades   | 2 3 5 6 |  6.0
Invocations    | 3 4 |  4.6
Long Blades    | 2 5 |  5.0
Shields        | 1 3 |  3.2
Charms         | 2 |  2.0
Spellcasting   | 3 |  3.8
Throwing       | |  1.0
Unarmed Combat | |  1.0
Conjurations   | |  2.0
Evocations     | |  1.1

Action                   |  1- 3 |  4- 6 |  7- 9 | 10-12 || total
-------------------------+-------+-------+-------+-------++-------
Melee: Dagger            |    95 |   150 |   289 |   308 ||   842
       Constrict         |    29 |    35 |    47 |   107 ||   218
       Tentacles         |    15 |    31 |    51 |   137 ||   234
       Punch             |     4 |     1 |     6 |    17 ||    28
       Short sword       |       |     8 |       |       ||     8
       Long sword        |       |       |       |   312 ||   312
       Quarterstaff      |       |       |       |    13 ||    13
Throw: Stone             |       |     4 |       |     2 ||     6
       Tomahawk          |       |       |       |     9 ||     9
 Cast: Animate Skeleton  |     2 |     3 |     5 |    32 ||    42
Invok: Heroism           |       |       |     3 |    20 ||    23
Evoke: Wand              |       |     2 |     8 |    12 ||    22
  Use: Potion            |       |     4 |       |       ||     4
       Scroll            |       |       |     7 |    11 ||    18
 Stab: Sleeping          |     7 |     8 |    16 |    30 ||    61
       Paralysed         |       |       |     2 |       ||     2
  Eat: Chunk             |     1 |     5 |    12 |    16 ||    34
       Ration            |       |     2 |     1 |     2 ||     5
Armor: Skin              |    13 |     3 |     6 |    12 ||    34
Dodge: Dodged            |    71 |    93 |   141 |   465 ||   770
       Rpst.: Long sword |       |       |       |    86 ||    86

Table legend:
 A = Spawn XP
 B = Non-spawn XP
 C = Spawn XP percentage of total XP
 D = Spawn monster count
 E = Non-spawn monster count
 F = Spawn count percentage of total count
 G = Total turns spent on level
                    A         B        C        D         E        F      G
               +---------+---------+-------+---------+---------+-------+---------
         Total |       0 |   17563 |   0.0 |       0 |     388 |   0.0 | 16699
               +---------+---------+-------+---------+---------+-------+---------
           D:1 |       0 |     113 |   0.0 |       0 |      38 |   0.0 |  2652
           D:2 |       0 |     107 |   0.0 |       0 |      21 |   0.0 |   854
           D:3 |       0 |     166 |   0.0 |       0 |      28 |   0.0 |  1141
           D:4 |       0 |     664 |   0.0 |       0 |      17 |   0.0 |  1688
           D:5 |       0 |    1510 |   0.0 |       0 |      29 |   0.0 |  1499
           D:6 |       0 |    1356 |   0.0 |       0 |      23 |   0.0 |  1643
           D:7 |       0 |    3693 |   0.0 |       0 |      63 |   0.0 |  2238
           D:8 |       0 |    2556 |   0.0 |       0 |      53 |   0.0 |  1234
           D:9 |       0 |    5088 |   0.0 |       0 |      44 |   0.0 |  2283
          D:10 |       0 |    1636 |   0.0 |       0 |      20 |   0.0 |   902
          D:11 |       0 |     480 |   0.0 |       0 |      13 |   0.0 |    90
       Ossuary |       0 |     194 |   0.0 |       0 |      39 |   0.0 |   412
               +---------+---------+-------+---------+---------+-------+---------
